 Dungeon Crawl Stone Soup version 0.31-a0-237-g2d982f9f85 (webtiles) character file.

Game seed: 11625869353103128581

22582 qw the Marksgargoyle (level 13, -5/84 HPs)
             Began as a Gargoyle Hexslinger on July 10, 2023.
             Was a Priest of Okawaru.
             Blown up by a great orb of eyes (30 damage)
             ... with a mindburst bolt
             ... on level 1 of the Abyss.
             The game lasted 00:08:05 (13527 turns).

qw the Marksgargoyle (Gargoyle Hexslinger)         Turns: 13527, Time: 00:08:05

Health: -5/84      AC: 28    Str: 12    XL:     13   Next: 1%
Magic:  16/18      EV: 21    Int: 15    God:    Okawaru [***...]
Gold:   798        SH:  0    Dex: 16    Spells: 13/14 levels left

rFire   + . .        Y - +1 orcbow
rCold   + . .        (shield currently unavailable)
rNeg    + . .        k - +2 ring mail {rC+}
rPois   inf          q - +1 helmet
rElec   +            h - +0 cloak
rCorr   .            a - +0 pair of gloves
SInv    .            (no boots)
Will    .....        (no amulet)
Stlth   +++          g - +4 ring of protection
HPRegen 0.34/turn    m - +5 ring of evasion
MPRegen 0.16/turn

%: no passive effects
@: heroic
A: sickness immunity, AC +9, negative energy resistance 1, electricity
resistance, torment resistance 1, petrification resistance, fire resistance 1,
sturdy frame 1
a: Renounce Religion, Heroism


You were on level 1 of the Abyss.
You worshipped Okawaru.
Okawaru was most pleased with you.
You visited 3 branches of the dungeon, and saw 14 of its levels.
You visited the Abyss 1 time.

You collected 798 gold pieces.


Innate Abilities, Weirdness & Mutations

You are immune to sickness and miasma.
Your stone body is resilient. (AC +9)
You are immune to poison.
You resist negative energy. (rN+)
You are resistant to electric shocks. (rElec)
You are resistant to unholy torment.
You are immune to petrification.
Your flesh is heat resistant. (rF+)
Your movements are slightly less encumbered by armour. (ER -2)


   Skills:
 - Level 11.0(16.0) Fighting
 - Level 16.0(21.0) Ranged Weapons
 - Level 6.1(11.1) Armour
 + Level 4.7(9.7) Dodging
 - Level 1.0 Spellcasting
 - Level 2.6 Hexes
 - Level 6.8 Invocations


You had 13 spell levels left.
You knew the following spells:

 Your Spells              Type           Power      Damage    Failure   Level
a - Slow                  Hex            32%        N/A       11%         1

Your spell library contained the following spells:

 Spells                   Type           Power      Damage    Failure   Level
 Inner Flame              Hex/Fire       4%         N/A       50%         3
 Portal Projectile        Hex/Tloc       8%         N/A       50%         3
 Cause Fear               Hex            4%         N/A       73%         4

Inventory:

Hand Weapons
 Y - a +1 orcbow (weapon)
Armour
 a - a +0 pair of gloves (worn)
 d - a +2 leather armour of fire resistance
 h - a +0 cloak (worn)
 k - a +2 ring mail of cold resistance (worn)
 o - a +3 leather armour
 q - a +1 helmet (worn)
Jewellery
 g - a +4 ring of protection (left hand)
 m - a +5 ring of evasion (right hand)
Scrolls
 j - a scroll of identify
Potions
 b - a potion of cancellation
 e - a potion of haste
 f - a potion of resistance
 i - 4 potions of mutation
 l - a potion of might
 n - a potion of ambrosia {unknown}
 r - a potion of magic {unknown}

Dungeon Overview and Level Annotations

Branches:
Dungeon (10/15)            Temple (1/1) D:6            Lair (3/5) D:10
  Snake (0/4) Lair:2          Orc (0/2) D:10
  Swamp: Lair:2-3    Shoals: Lair:2-3

Altars:
Ashenzari
Cheibriados
Dithmenos
Elyvilon
Fedhas
Gozag
Hepliaklqana
Kikubaaqudgha
Makhleb
Nemelex Xobeh
Okawaru
Qazlal
Ru
Sif Muna
Trog
Uskayaw
Vehumet
Wu Jian
Xom
Yredelemnul
Zin
The Shining One

Shops:
D:9 *

Annotations:
D:7 4 runed translucent doors, Crazy Yiuf; qw's ghost, novice GrHs
Lair:2 3 runed translucent doors, qw's ghost, journeyman DEHu
Lair:3 Sonja


Message History

Okawaru accepts your kill.
You start resting.
A neqoxec comes into view.
You shoot an arrow.
The arrow hits the neqoxec but does no damage.
You shoot an arrow. The arrow barely misses the neqoxec.
You shoot an arrow. The arrow hits the neqoxec!
The neqoxec is moderately wounded.
You shoot an arrow.
The arrow hits the neqoxec but does no damage.
The neqoxec is moderately wounded.
You shoot an arrow. The arrow hits the neqoxec!
The neqoxec is severely wounded.
You shoot an arrow. The arrow hits the neqoxec!
The neqoxec is almost dead.
You shoot an arrow. The arrow hits the neqoxec!!
You kill the neqoxec!
Okawaru accepts your kill.
You can now speed up your combat.
You start resting.
You feel like a meek peon again.
A great orb of eyes comes into view.
13523 ||| INVOKING Heroism.
You gain the combat prowess of a mighty hero.
You can no longer speed up your combat.
You shoot an arrow.
The great orb of eyes turns its gaze towards you.
The arrow hits the great orb of eyes!
The great orb of eyes is lightly wounded.
You shoot an arrow.
The arrow hits the great orb of eyes but does no damage.
The great orb of eyes is lightly wounded.
You shoot an arrow.
The arrow hits the great orb of eyes but does no damage.
The great orb of eyes is lightly wounded.
You shoot an arrow.
The arrow hits the great orb of eyes but does no damage.
The great orb of eyes is lightly wounded.
The great orb of eyes gazes at you.
Your mind is blasted!
You die...

..............
............. #
#..##..ยค.. ..
#...#..... ..#
###_.....##....
..#........###
...#...........
.......@..G..#.
..##...#.###.#
. .#### ##


You could see a great orb of eyes.

Vanquished Creatures
  Harold (D:9)
  2 hydras
  A catoblepas (Lair:2)
  A large abomination (Abyss:1)
  A deep elf pyromancer (D:9)
  A black mamba (Lair:1)
  2 cane toads
  Maurice (D:9)
  A rime drake (Lair:3)
  4 torpor snails
  4 komodo dragons
  2 unseen horrors (D:10)
  A polar bear (Lair:2)
  Prince Ribbit (Lair:2)
  A raiju (shapeshifter) (D:9)
  7 blink frogs (Lair:2)
  A ynoxinul (Abyss:1)
  A wyvern (Lair:1)
  30 yaks
  4 fire bats (Abyss:1)
  A basilisk (Lair:1)
  Grum (D:8)
  A neqoxec (Abyss:1)
  3 nagas (Lair:2)
  7 water moccasins
  Duvessa (D:7)
  An ice beast (D:5)
  3 orc warriors
  A sky beast (D:7)
  3 wolves (D:8)
  3 ogres
  4 centaurs
  4 phantoms
  2 kobold brigands (D:6)
  9 bullfrogs
  5 scorpions
  4 gnoll sergeants
  27 wights
  Dowan (D:7)
  7 killer bees (D:7)
  7 howler monkeys
  A crimson imp (D:6)
  4 jellies
  A gnoll bouda (D:7)
  4 hounds
  10 orc priests
  Jessica (D:3)
  2 sleepcaps (D:6)
  5 iguanas
  16 orc wizards
  Natasha (thrice) (D:2)
  Robin (D:3)
  9 adders
  18 gnolls
  2 white imps (D:6)
  An ufetubus (Abyss:1)
  2 worms
  A dart slug (D:2)
  31 orcs
  10 ball pythons
  7 bats
  5 endoplasms
  3 giant cockroaches
  14 goblins
  10 hobgoblins
  4 jackals (D:2)
  5 quokkas
  3 frilled lizards
  19 kobolds
  4 rats
358 creatures vanquished.

Notes
Turn   | Place    | Note
-------+----------+-------------------------------------------
     0 | D:1      | qw the Gargoyle Hexslinger began the quest for the Orb.
     0 | D:1      | Reached XP level 1. HP: 12/12 MP: 2/2
     0 | D:1      | 0 ||| qw: Version: 0.3-a-52-g30416fa
     0 | D:1      | 0 ||| qw: Game counter: 5350
     0 | D:1      | 0 ||| qw: Melee chars always use a shield: true
     0 | D:1      | 0 ||| qw: God list: Okawaru
     0 | D:1      | 0 ||| qw: Allow faded altars: false
     0 | D:1      | 0 ||| qw: Do Orc after clearing Dungeon:15 true
     0 | D:1      | 0 ||| qw: Do second Lair branch before Depths: true
     0 | D:1      | 0 ||| qw: Lair rune preference: random
     0 | D:1      | 0 ||| qw: Goals: Normal
     0 | D:1      | 0 ||| PLANNING D:1-11
   140 | D:1      | Reached XP level 2. HP: 7/16 MP: 3/3
   231 | D:1      | Reached skill level 3 in Ranged Weapons
   447 | D:1      | HP: 4/16 [hobgoblin (2)]
   451 | D:1      | HP: 1/16 [hobgoblin (2)]
   603 | D:1      | Reached XP level 3. HP: 21/21 MP: 4/4
   834 | D:1      | 834 ||| UPGRADING to +0 ring mail.
   844 | D:1      | 844 ||| DROPPING +0 robe.
   845 | D:1      | 845 ||| UPGRADING to +4 ring of protection.
   846 | D:1      | 846 ||| READING scroll labelled XAUDYU NOEXZON.
   847 | D:1      | 847 ||| READING scroll labelled ONIUTO CEVIERU.
   848 | D:1      | 848 ||| READING scroll labelled PAG GO UZOCVA.
   849 | D:1      | 849 ||| DROPPING scroll of poison.
   903 | D:2      | 903 ||| STAIRDANCE
   968 | D:2      | Noticed Natasha
   981 | D:2      | HP: 5/21 [Natasha (3)]
   986 | D:2      | Killed Natasha
   987 | D:2      | Reached skill level 4 in Ranged Weapons
   987 | D:2      | Reached XP level 4. HP: 6/26 MP: 5/5
  1077 | D:2      | 1077 ||| Stepping ~*~*~tactically~*~*~ (outnumbered).
  1095 | D:2      | Reached skill level 1 in Armour
  1203 | D:2      | Noticed Natasha
  1216 | D:2      | HP: 4/26 [Natasha (8)]
  1222 | D:2      | Killed Natasha
  1396 | D:2      | Reached XP level 5. HP: 30/30 MP: 6/6
  1504 | D:2      | Noticed Natasha
  1522 | D:2      | Killed Natasha
  1743 | D:2      | 1743 ||| UPGRADING to +0 helmet.
  1748 | D:2      | 1748 ||| READING scroll labelled YTSAWA UCLEI.
  1808 | D:3      | Reached skill level 5 in Ranged Weapons
  2057 | D:3      | Reached XP level 6. HP: 36/36 MP: 7/7
  2310 | D:3      | Noticed Robin
  2323 | D:3      | Killed Robin
  2452 | D:3      | Reached skill level 3 in Fighting
  2453 | D:3      | Noticed Jessica
  2459 | D:3      | Killed Jessica
  2570 | D:3      | 2570 ||| UPGRADING to +2 ring mail of cold resistance.
  2580 | D:3      | 2580 ||| DROPPING +0 ring mail.
  2759 | D:4      | Reached skill level 6 in Ranged Weapons
  3006 | D:4      | 3006 ||| Stepping ~*~*~tactically~*~*~ (outnumbered).
  3008 | D:4      | 3008 ||| Stepping ~*~*~tactically~*~*~ (outnumbered).
  3022 | D:4      | Reached XP level 7. HP: 35/43 MP: 8/8
  3029 | D:4      | HP: 8/43 [something/puff of flame (4)]
  3030 | D:4      | 3030 ||| DRINKING potion of heal wounds.
  3036 | D:4      | HP: 9/43 [something/magic dart (3)]
  3269 | D:4      | 3269 ||| UPGRADING to +5 ring of evasion.
  3270 | D:4      | 3270 ||| READING 3 scrolls labelled CIDE UZONUM.
  3271 | D:4      | 3271 ||| READING scroll labelled ZIEC BEUFOIXZIWAY.
  3272 | D:4      | 3272 ||| DRINKING 2 metallic purple potions.
  3273 | D:4      | 3273 ||| DROPPING potion of degeneration.
  3274 | D:4      | 3274 ||| DROPPING 2 scrolls of revelation.
  3292 | D:5      | Entered Level 5 of the Dungeon
  3361 | D:5      | Reached skill level 7 in Ranged Weapons
  3585 | D:5      | Found a bloodstained altar of Trog.
  3619 | D:5      | Reached skill level 8 in Ranged Weapons
  3619 | D:5      | Reached XP level 8. HP: 43/48 MP: 9/9
  4431 | D:5      | 4431 ||| UPGRADING to +0 cloak.
  4436 | D:5      | 4436 ||| READING scroll labelled LINWEY JOEPT.
  4437 | D:5      | 4437 ||| DRINKING 2 coppery potions.
  4438 | D:5      | 4438 ||| DRINKING 2 sapphire potions.
  4438 | D:5      | Gained mutation: Your movements are slightly less
                  | encumbered by armour. (ER -2) [potion of mutation]
  4438 | D:5      | Gained mutation: Your flesh is heat resistant. (rF+)
                  | [potion of mutation]
  4439 | D:5      | 4439 ||| READING 2 scrolls of identify.
  4439 | D:5      | 4439 ||| IDENTIFYING brown potion
  4440 | D:5      | 4440 ||| DROPPING potion of invisibility.
  4441 | D:5      | 4441 ||| DROPPING potion of berserk rage.
  4458 | D:6      | 4458 ||| STAIRDANCE
  4470 | D:5      | Reached skill level 9 in Ranged Weapons
  4641 | D:6      | 4641 ||| Stepping ~*~*~tactically~*~*~ (outnumbered).
  4649 | D:6      | Reached skill level 6 in Fighting
  4704 | D:6      | Reached XP level 9. HP: 25/55 MP: 10/10
  4754 | D:6      | 4754 ||| FLEEEEING.
  4887 | D:6      | Reached skill level 10 in Ranged Weapons
  4936 | D:6      | Reached skill level 3 in Armour
  5271 | D:6      | Found a staircase to the Ecumenical Temple.
  5272 | D:6      | 5272 ||| PLANNING TEMPLE
  5272 | D:6      | 5272 ||| READING scroll labelled VEAMIZ XEFON.
  5273 | D:6      | 5273 ||| READING 3 scrolls of identify.
  5273 | D:6      | 5273 ||| IDENTIFYING inky potion
  5274 | D:6      | 5274 ||| READING 2 scrolls of identify.
  5274 | D:6      | 5274 ||| IDENTIFYING murky red potion
  5283 | Temple   | Entered the Ecumenical Temple
  5284 | Temple   | 5284 ||| PLANNING OKAWARU WORSHIP
  5290 | Temple   | Became a worshipper of Warmaster Okawaru
  5291 | Temple   | 5291 ||| PLANNING D:1-11
  5362 | D:6      | 5362 ||| FLEEEEING.
  5363 | D:6      | 5363 ||| FLEEEEING.
  5365 | D:6      | 5365 ||| FLEEEEING.
  5366 | D:6      | 5366 ||| FLEEEEING.
  5367 | D:6      | 5367 ||| FLEEEEING.
  5368 | D:6      | 5368 ||| FLEEEEING.
  5370 | D:6      | 5370 ||| FLEEEEING.
  5371 | D:6      | 5371 ||| STAIRDANCE
  5648 | D:6      | 5648 ||| READING scroll labelled RURHAF ONOXUHE.
  5694 | D:7      | 5694 ||| STAIRDANCE
  5703 | D:6      | Reached skill level 11 in Ranged Weapons
  5788 | D:7      | Found a runed translucent gate.
  5788 | D:7      | Found a runed translucent gate.
  5788 | D:7      | Found a runed translucent gate.
  5790 | D:7      | 5790 ||| Stepping ~*~*~tactically~*~*~ (outnumbered).
  5827 | D:7      | Noticed Duvessa
  5828 | D:7      | 5828 ||| FLEEEEING.
  5829 | D:7      | 5829 ||| FLEEEEING.
  5832 | D:7      | 5832 ||| FLEEEEING.
  5834 | D:7      | 5834 ||| FLEEEEING.
  5835 | D:7      | 5835 ||| STAIRDANCE
  5884 | D:7      | 5884 ||| STAIRDANCE
  5920 | D:7      | Noticed qw's ghost (novice GrHs)
  5930 | D:7      | 5930 ||| STAIRDANCE
  5965 | D:7      | 5965 ||| STAIRDANCE
  5999 | D:7      | Killed Duvessa
  6000 | D:7      | Reached skill level 3 in Dodging
  6041 | D:7      | Noticed Dowan
  6046 | D:7      | Killed Dowan
  6054 | D:7      | Reached * piety under Okawaru
  6063 | D:7      | Found a shimmering blue altar of Sif Muna.
  6065 | D:7      | Found a snail-covered altar of Cheibriados.
  6066 | D:7      | Found a hide-covered altar of Uskayaw.
  6124 | D:7      | 6124 ||| Stepping ~*~*~tactically~*~*~ (outnumbered).
  6127 | D:7      | Reached XP level 10. HP: 63/63 MP: 11/11
  6131 | D:7      | 6131 ||| Stepping ~*~*~tactically~*~*~ (outnumbered).
  6141 | D:7      | 6141 ||| Stepping ~*~*~tactically~*~*~ (outnumbered).
  6147 | D:7      | Reached skill level 1 in Invocations
  6161 | D:7      | 6161 ||| SWAPPING to +0 orcbow.
  6162 | D:7      | 6162 ||| DROPPING +2 sling.
  6209 | D:7      | 6209 ||| INVOKING Heroism.
  6284 | D:7      | 6284 ||| FLEEEEING.
  6285 | D:7      | 6285 ||| FLEEEEING.
  6289 | D:7      | 6289 ||| FLEEEEING.
  6290 | D:7      | 6290 ||| FLEEEEING.
  6291 | D:7      | 6291 ||| FLEEEEING.
  6317 | D:7      | Reached skill level 3 in Invocations
  6448 | D:7      | Found a stormy altar of Qazlal.
  6512 | D:7      | 6512 ||| INVOKING Heroism.
  6639 | D:7      | 6639 ||| Stepping ~*~*~tactically~*~*~ (outnumbered).
  6827 | D:7      | 6827 ||| INVOKING Heroism.
  6986 | D:7      | Found a runed translucent door.
  6987 | D:7      | Noticed Crazy Yiuf
  7241 | D:8      | Noticed Grum
  7242 | D:8      | 7242 ||| INVOKING Heroism.
  7255 | D:8      | Reached skill level 12 in Ranged Weapons
  7270 | D:8      | Killed Grum
  7457 | D:8      | 7457 ||| INVOKING Heroism.
  7496 | D:8      | 7496 ||| FLEEEEING.
  7497 | D:8      | 7497 ||| FLEEEEING.
  7498 | D:8      | 7498 ||| FLEEEEING.
  7500 | D:8      | 7500 ||| FLEEEEING.
  7501 | D:8      | 7501 ||| FLEEEEING.
  7504 | D:8      | 7504 ||| FLEEEEING.
  7505 | D:8      | 7505 ||| FLEEEEING.
  7506 | D:8      | 7506 ||| FLEEEEING.
  7507 | D:8      | 7507 ||| FLEEEEING.
  7508 | D:8      | 7508 ||| FLEEEEING.
  7509 | D:8      | 7509 ||| STAIRDANCE
  7676 | D:8      | 7676 ||| INVOKING Heroism.
  7739 | D:8      | 7739 ||| DRINKING 3 potions of curing.
  7739 | D:8      | 7739 ||| (to cure confusion)
  7846 | D:8      | 7846 ||| READING scroll of enchant weapon.
  7846 | D:8      | 7846 ||| ENCHANTING +0 orcbow.
  7979 | D:8      | Found a sacrificial altar of Ru.
  8186 | D:9      | Noticed Harold
  8187 | D:9      | 8187 ||| INVOKING Heroism.
  8203 | D:9      | Killed Harold
  8203 | D:9      | Reached ** piety under Okawaru
  8204 | D:9      | Reached skill level 13 in Ranged Weapons
  8204 | D:9      | Reached XP level 11. HP: 36/68 MP: 12/14
  8206 | D:9      | 8206 ||| STAIRDANCE
  8208 | D:8      | 8208 ||| INVOKING Heroism.
  8374 | D:9      | 8374 ||| DRINKING 2 potions of curing.
  8374 | D:9      | 8374 ||| (to cure confusion)
  8377 | D:9      | 8377 ||| DRINKING potion of curing.
  8377 | D:9      | 8377 ||| (to cure confusion)
  8393 | D:9      | Noticed a deep elf pyromancer
  8410 | D:9      | 8410 ||| FLEEEEING.
  8411 | D:9      | 8411 ||| FLEEEEING.
  8412 | D:9      | 8412 ||| FLEEEEING.
  8413 | D:9      | 8413 ||| FLEEEEING.
  8414 | D:9      | 8414 ||| FLEEEEING.
  8415 | D:9      | 8415 ||| FLEEEEING.
  8416 | D:9      | 8416 ||| FLEEEEING.
  8420 | D:9      | 8420 ||| FLEEEEING.
  8421 | D:9      | 8421 ||| FLEEEEING.
  8422 | D:9      | 8422 ||| STAIRDANCE
  8461 | D:9      | Killed a deep elf pyromancer
  8462 | D:9      | Reached skill level 9 in Fighting
  8521 | D:9      | 8521 ||| INVOKING Heroism.
  8612 | D:9      | Identified the +0 plate armour of the Trees {rN+ Stlth+}
  8659 | D:9      | Found Buepreul's Changing Room.
  8848 | D:9      | 8848 ||| Stepping ~*~*~tactically~*~*~ (outnumbered).
  8851 | D:9      | 8851 ||| FLEEEEING.
  8852 | D:9      | 8852 ||| FLEEEEING.
  8853 | D:9      | 8853 ||| FLEEEEING.
  8854 | D:9      | 8854 ||| FLEEEEING.
  8855 | D:9      | 8855 ||| FLEEEEING.
  8856 | D:9      | 8856 ||| FLEEEEING.
  8858 | D:9      | 8858 ||| FLEEEEING.
  8859 | D:9      | 8859 ||| FLEEEEING.
  8860 | D:9      | 8860 ||| FLEEEEING.
  8861 | D:9      | 8861 ||| FLEEEEING.
  9175 | D:9      | 9175 ||| UPGRADING to +1 helmet.
  9185 | D:9      | 9185 ||| DROPPING +0 helmet.
  9186 | D:9      | 9186 ||| DROPPING ring of willpower.
  9187 | D:9      | 9187 ||| READING scroll labelled CALOCL HISIKH.
  9288 | D:9      | 9288 ||| READING scroll labelled XULOHA QURI.
  9318 | D:10     | Entered Level 10 of the Dungeon
  9318 | D:10     | Found a staircase to the Orcish Mines.
  9325 | D:10     | Noticed Maurice
  9335 | D:10     | 9335 ||| STAIRDANCE
  9338 | D:9      | 9338 ||| INVOKING Heroism.
  9468 | D:10     | 9468 ||| STAIRDANCE
  9476 | D:9      | Paralysed by something for 2 turns
  9483 | D:9      | Paralysed by Maurice for 3 turns
  9487 | D:9      | Killed Maurice
  9488 | D:9      | Reached skill level 14 in Ranged Weapons
  9660 | D:10     | Reached *** piety under Okawaru
  9744 | D:10     | Found a staircase to the Lair.
  9847 | D:10     | 9847 ||| INVOKING Heroism.
 10075 | D:10     | 10075 ||| INVOKING Heroism.
 10285 | D:10     | Found a radiant altar of Vehumet.
 10719 | D:10     | 10719 ||| PLANNING LAIR
 10719 | D:10     | 10719 ||| DROPPING +4 ring of slaying {mikee}.
 10720 | D:10     | 10720 ||| DROPPING +6 ring of strength.
 10757 | Lair:1   | Entered Level 1 of the Lair of Beasts
 10757 | Lair:1   | Noticed a four-headed hydra
 10758 | Lair:1   | 10758 ||| INVOKING Heroism.
 10770 | Lair:1   | Killed a four-headed hydra
 10772 | Lair:1   | Received a gift from Okawaru
 10790 | Lair:1   | 10790 ||| STAIRDANCE
 10854 | Lair:1   | 10854 ||| INVOKING Heroism.
 10962 | Lair:1   | Reached **** piety under Okawaru
 10963 | Lair:1   | Reached XP level 12. HP: 62/77 MP: 15/15
 10964 | Lair:1   | 10964 ||| INVOKING Heroism.
 10968 | Lair:1   | Reached skill level 15 in Ranged Weapons
 10978 | Lair:1   | HP: 19/77 [yak (7)]
 10979 | Lair:1   | 10979 ||| DRINKING 3 potions of heal wounds.
 10996 | Lair:1   | 10996 ||| INVOKING Heroism.
 11210 | Lair:1   | You fall into a shaft and drop 1 floor!
 11291 | Lair:2   | 11291 ||| UPGRADING to +0 pair of gloves.
 11296 | Lair:2   | 11296 ||| READING 2 scrolls of identify.
 11296 | Lair:2   | 11296 ||| IDENTIFYING fizzy orange potion
 11470 | Lair:1   | 11470 ||| INVOKING Heroism.
 11800 | Lair:1   | 11800 ||| DRINKING 2 sedimented brown potions.
 11833 | Lair:1   | 11833 ||| READING 2 scrolls of identify.
 11833 | Lair:1   | 11833 ||| IDENTIFYING yellow potion
 11834 | Lair:1   | 11834 ||| DROPPING potion of lignification.
 11875 | Lair:2   | 11875 ||| FLEEEEING.
 11876 | Lair:2   | 11876 ||| FLEEEEING.
 11878 | Lair:2   | 11878 ||| INVOKING Heroism.
 11899 | Lair:2   | Found a snail-covered altar of Cheibriados.
 11910 | Lair:2   | 11910 ||| FLEEEEING.
 11911 | Lair:2   | 11911 ||| FLEEEEING.
 11912 | Lair:2   | 11912 ||| FLEEEEING.
 11913 | Lair:2   | 11913 ||| FLEEEEING.
 11914 | Lair:2   | 11914 ||| FLEEEEING.
 11915 | Lair:2   | 11915 ||| FLEEEEING.
 11916 | Lair:2   | 11916 ||| FLEEEEING.
 11917 | Lair:2   | 11917 ||| FLEEEEING.
 11918 | Lair:2   | 11918 ||| FLEEEEING.
 11919 | Lair:2   | 11919 ||| FLEEEEING.
 11921 | Lair:2   | 11921 ||| FLEEEEING.
 11922 | Lair:2   | 11922 ||| FLEEEEING.
 11923 | Lair:2   | 11923 ||| FLEEEEING.
 11924 | Lair:2   | 11924 ||| FLEEEEING.
 11925 | Lair:2   | 11925 ||| FLEEEEING.
 11926 | Lair:2   | 11926 ||| FLEEEEING.
 11927 | Lair:2   | 11927 ||| FLEEEEING.
 11928 | Lair:2   | 11928 ||| STAIRDANCE
 11932 | Lair:2   | 11932 ||| STAIRDANCE
 11934 | Lair:1   | 11934 ||| INVOKING Heroism.
 11972 | Lair:2   | 11972 ||| FLEEEEING.
 11974 | Lair:2   | 11974 ||| INVOKING Heroism.
 11985 | Lair:2   | Reached skill level 6 in Armour
 12005 | Lair:2   | Found a runed translucent gate.
 12006 | Lair:2   | Found a runed translucent gate.
 12006 | Lair:2   | Found a runed translucent gate.
 12007 | Lair:2   | Noticed qw's ghost (journeyman DEHu)
 12009 | Lair:2   | Noticed a death yak
 12016 | Lair:2   | Noticed Prince Ribbit
 12017 | Lair:2   | 12017 ||| INVOKING Heroism.
 12039 | Lair:2   | 12039 ||| INVOKING Heroism.
 12043 | Lair:2   | Killed Prince Ribbit
 12051 | Lair:2   | HP: 16/77 [komodo dragon (16)]
 12052 | Lair:2   | 12052 ||| DRINKING 2 potions of heal wounds.
 12287 | Lair:2   | Noticed a catoblepas
 12288 | Lair:2   | 12288 ||| INVOKING Heroism.
 12312 | Lair:2   | Killed a catoblepas
 12483 | Lair:2   | Noticed an eight-headed hydra
 12484 | Lair:2   | 12484 ||| INVOKING Heroism.
 12493 | Lair:2   | Killed an eight-headed hydra
 12494 | Lair:2   | Reached skill level 16 in Ranged Weapons
 12654 | Lair:2   | 12654 ||| INVOKING Heroism.
 12662 | Lair:2   | Reached skill level 6 in Invocations
 12682 | Lair:2   | 12682 ||| INVOKING Heroism.
 12857 | Lair:2   | Found a staircase to the Snake Pit.
 12916 | Lair:2   | 12916 ||| INVOKING Heroism.
 13245 | Lair:2   | 13245 ||| DROPPING ring of positive energy.
 13353 | Lair:3   | 13353 ||| INVOKING Heroism.
 13407 | Lair:3   | Noticed Sonja
 13423 | Abyss:1  | Found a corrupted altar of Lugonu.
 13423 | Abyss:1  | Cast into level 1 of the Abyss (Sonja)
 13436 | Abyss:1  | 13436 ||| INVOKING Heroism.
 13476 | Abyss:1  | 13476 ||| INVOKING Heroism.
 13477 | Abyss:1  | HP: 17/80 [large abomination (18)]
 13478 | Abyss:1  | 13478 ||| DRINKING potion of heal wounds.
 13492 | Abyss:1  | HP: 13/80 [large abomination (25)]
 13495 | Abyss:1  | Reached XP level 13. HP: 15/84 MP: 18/18
 13522 | Abyss:1  | Noticed a great orb of eyes
 13523 | Abyss:1  | 13523 ||| INVOKING Heroism.
 13527 | Abyss:1  | Blown up by a great orb of eyes

Levels and vault maps discovered:
D:1:      roderic_dead_forest, layout_loops_ring
D:2:      layout_rooms, nicolae_titane, uniq_natasha
D:3:      layout_basic, uniq_jessica, uniq_robin
D:4:      layout_basic
D:5:      layout_basic, kennysheep_mini_moat, nrook_mini_vaults, feat_on_display
D:6:      nicolae_cairo_tiling_large_dashed, layout_rooms, minmay_statues_item,
          kennysheep_small_spiral, small_statue_intersection,
          serial_bayou_pond_b, minmay_fire_ice_demons
D:7:      layout_loops_cross, general_overflow_altar,
          grunt_temple_overflow_open, gammafunk_ghost_icy, grunt_tough_drop,
          uniq_duvessa, uniq_crazy_yiuf_cottage
D:8:      layout_cave_pools, nicolae_ru_path_of_blood, grunt_ministairs_15,
          uniq_grum
D:9:      kennysheep_big_flooded_room, layout_loops_cross,
          nicolae_transmutations_shop, uniq_harold
D:10:     layout_long_grid, mainiacjoe_overflow_concentric_impassable,
          lair_entry_dummy, uniq_maurice
Temple:   nicolae_temple_no_exploring_needed
Lair:1:   layout_hall_layers, st_stairs_12, chequers_serial_rivers_small_b
Lair:2:   layout_small_grid, nicolae_snake_entry_squirm, gammafunk_ghost_split,
          kennysheep_snail_temple, uniq_prince_ribbit2
Lair:3:   layout_regular_city, minmay_swamp_entry_reptiles,
          bobbens_dragon_lair_wall, uniq_sonja
Abyss:1:  base:
D:2

Skill      XL: |  1  2  3  4  5  6  7  8  9 10 11 12 |
---------------+-------------------------------------+-----
Ranged Weapons | 3 4 5 6 8 9 11 13 14 16 | 16.0
Fighting       | 2 4 6 7 8 10 11 | 11.0
Armour         | 1 2 3 4 6 |  6.1
Dodging        | 2 3 4 |  4.7
Invocations    | 4 6 |  6.8
Spellcasting   | |  1.0
Hexes          | |  2.6

Action                     |  1- 3 |  4- 6 |  7- 9 | 10-12 | 13-15 || total
---------------------------+-------+-------+-------+-------+-------++-------
   Fire: Sling             |   110 |   226 |   698 |    25 |       ||  1059
         Orcbow            |       |       |       |  1180 |    13 ||  1193
 Invoke: Heroism           |       |       |       |    30 |     1 ||    31
    Use: Scroll            |     3 |     1 |     8 |     5 |       ||    17
         Potion            |       |       |     4 |     7 |       ||    11
 Armour: Robe              |    16 |       |       |       |       ||    16
         Ring mail         |    16 |   111 |   300 |   435 |       ||   862
         Skin              |       |       |       |    19 |       ||    19
  Dodge: Dodged            |    36 |   108 |   462 |   924 |       ||  1530

Table legend:
 A = Non-vault XP
 B = Vault XP
 C = Vault XP percentage of total XP
 D = Non-vault monster count
 E = Vault monster count
 F = Vault count percentage of total count
                 A         B        C        D         E       F
            +---------+---------+-------+---------+---------+-------
      Total |   24886 |    7375 |  22.9 |     314 |      44 |  12.3
            +---------+---------+-------+---------+---------+-------
        D:1 |      54 |       0 |   0.0 |      25 |       0 |   0.0
        D:2 |     122 |      35 |  22.3 |      27 |       1 |   3.6
        D:3 |     128 |      64 |  33.3 |      13 |       8 |  38.1
        D:4 |     341 |       0 |   0.0 |      23 |       0 |   0.0
        D:5 |    1162 |       0 |   0.0 |      19 |       0 |   0.0
        D:6 |    1708 |     397 |  18.9 |      43 |       9 |  17.3
        D:7 |    2106 |     311 |  12.9 |      41 |       4 |   8.9
        D:8 |    1542 |     737 |  32.3 |      31 |       6 |  16.2
        D:9 |    1378 |    2149 |  60.9 |      21 |       4 |  16.0
       D:10 |    3611 |       0 |   0.0 |      24 |       0 |   0.0
     Lair:1 |    4851 |     911 |  15.8 |      22 |       2 |   8.3
     Lair:2 |    5152 |    2771 |  35.0 |      15 |      10 |  40.0
     Lair:3 |     772 |       0 |   0.0 |       2 |       0 |   0.0
    Abyss:1 |    1959 |       0 |   0.0 |       8 |       0 |   0.0
            +---------+---------+-------+---------+---------+-------
